 Dungeon Crawl Stone Soup version 0.31-a0-831-g143b1e81fc (webtiles) character file.

Game seed: 6696991211274847961

140 Dirtsage the Ruffian (level 5, 40/41 HPs)
             Began as a Demonspawn Fighter on Sept 24, 2023.
             Quit the game on level 3 of the Dungeon.
             The game lasted 00:02:39 (1943 turns).

Dirtsage the Ruffian (Demonspawn Fighter)           Turns: 1943, Time: 00:02:39

Health: 40/41      AC:  6    Str: 18    XL:     5   Next: 2%
Magic:  5/5        EV:  9    Int: 10    God:
Gold:   191        SH:  9    Dex: 18    Spells: 4/4 levels left

rFire   . .          .
                       - Unarmed
rCold   . . .        c - +0 buckler
rNeg    . . .        b - +0 scale mail
rPois   .            (no helmet)
rElec   .            (no cloak)
rCorr   .            (no gloves)
SInv    .            (no boots)
Will    .....        (no amulet) Stlth
                     f - +6 ring of dexterity
HPRegen 0.26/turn    (no ring)
MPRegen 0.09/turn

%: no passive effects
@: no status effects
A: claws 1, spiny 1, condensation shield
a: no special abilities


You were on level 3 of the Dungeon.
You visited 1 branch of the dungeon, and saw 3 of its levels.

You collected 191 gold pieces.

Inventory:

Hand Weapons
 a - a +0 war axe
Armour
 b - a +0 scale mail (worn)
 c - a +0 buckler (worn)
 i - a +0 kite shield
Magical Staves
 k - a staff of death
Jewellery
 f - a +6 ring of dexterity (left claw)
Scrolls
 e - 3 scrolls of teleportation {unknown}
 h - 3 scrolls of identify {unknown}
 l - a scroll of enchant armour {unknown}
 n - a scroll of amnesia {unknown}
 o - a scroll of vulnerability {unknown}
Potions
 d - a potion of might
 g - a potion of lignification {unknown}
 j - a potion of curing {unknown}
 m - a potion of magic {unknown}


   Skills:
 - Level 3.0 Fighting
 - Level 2.5 Axes
 - Level 2.6 Armour
 - Level 2.6 Shields
 * Level 3.8 Unarmed Combat


You had 4 spell levels left.
You didn't know any spells.
Your spell library contained the following spells:

 Spells                   Type           Power      Damage    Failure   Level
 Ignite Poison            Fire/Tmut/Pois 0%         N/A       99%         3
 Sticky Flame             Conj/Fire      0%         2d3       100%        4
 Ignition                 Fire           0%         3d3       100%        8


Dungeon Overview and Level Annotations

Branches:
Dungeon (3/15)

Altars:
Kikubaaqudgha
Yredelemnul

Portals:
Sewer: D:3


Innate Abilities, Weirdness & Mutations

You have sharp fingernails.
You are partially covered in sharp spines.
A meltable shield of frost defends you. (SH +4)


Message History

The giant cockroach bites you but does no damage.
You block the giant cockroach's attack. x2
You scratch the giant cockroach but do no damage.
The giant cockroach is lightly wounded.
You block the giant cockroach's attack.
The giant cockroach is struck by your spines.
The giant cockroach bites you.
You take 1 damage, and have 32/35 hp.
You scratch the giant cockroach.
You kill the giant cockroach!
You hear the rapid rusting of a drain.
The giant cockroach is struck by your spines.
The giant cockroach closely misses you.
You have reached level 5!
Your demonic ancestry asserts itself...
Frost condenses into a shield before you.
You regained 6 hp, and now have 38/41 hp.
MP restored: 5 You scratch the giant cockroach but do no damage.
The giant cockroach is moderately wounded.
The giant cockroach closely misses you.
You claw the giant cockroach!
You kill the giant cockroach!
You closely miss the quokka. You block the quokka's attack.
You completely miss the quokka. The quokka barely misses you.
You barely miss the quokka. You block the quokka's attack.
You claw the quokka!
You kill the quokka!
No target in view!
No target in view!
No target in view!
No target in view!
No target in view!
No target in view!
No target in view!
No target in view!
A quokka and a giant cockroach come into view.
Things that are here:
9 gold pieces; a quokka corpse; a quokka corpse Are you sure you want to abandon this character and quit the game? (Confirm with "yes".)

#.........###.#..#.##
###....######........
#.....# #....≈≈≈≈≈≈
##....# #.##.≈.....
####.###)##...####
##### ##)....#.≈.....
##...###.~~.....≈.#._.
#~...~##~.##.##.≈.#...
#†≈#≈@≈#≈.##.##.≈.####
#~≈#≈~≈#≈~#...#.≈.....
#~≈#≈.≈#≈.##..#.≈≈≈≈≈≈
#~≈#≈∩≈#≈.##..#.......
#.≈#≈.≈#≈~##..###.....
##~≈#≈B≈# #..# #.####
#~~~##r.. #..###.#
#.~~###.. #..[...#
#.~## ##.#####


You could see a quokka and a giant cockroach.

Vanquished Creatures
  An orc priest (D:3)
  5 adders
  A worm (D:2)
  A dart slug (D:1)
  3 orcs (D:3)
  5 ball pythons
  2 endoplasms
  4 giant cockroaches (D:3)
  7 hobgoblins
  6 quokkas
  3 bats
  4 frilled lizards
  7 goblins
  5 kobolds
  4 rats (D:1)
58 creatures vanquished.

Notes
Turn   | Place    | Note
-------+----------+-------------------------------------------
     0 | D:1      | Dirtsage the Demonspawn Fighter began the quest for the
                  | Orb.
     0 | D:1      | Reached XP level 1. HP: 18/18 MP: 1/1
   130 | D:1      | Discovered your monstrous ancestry.
   130 | D:1      | Gained mutation: You have sharp fingernails. [demonic
                  | ancestry]
   130 | D:1      | Reached XP level 2. HP: 24/24 MP: 2/2
   429 | D:1      | Reached skill level 1 in Unarmed Combat
   782 | D:2      | Reached XP level 3. HP: 29/29 MP: 3/3
   846 | D:2      | Found a faded altar of an unknown god.
  1382 | D:3      | Gained mutation: You are partially covered in sharp spines.
                  | [demonic ancestry]
  1382 | D:3      | Reached XP level 4. HP: 35/35 MP: 4/4
  1634 | D:3      | Found a basalt altar of Yredelemnul.
  1784 | D:3      | Found an ancient bone altar of Kikubaaqudgha.
  1925 | D:3      | Found a glowing drain.
  1936 | D:3      | Gained mutation: A meltable shield of frost defends you.
                  | (SH +4) [demonic ancestry]
  1936 | D:3      | Reached XP level 5. HP: 38/41 MP: 5/5
  1943 | D:3      | Quit the game

Illustrated notes

Levels and vault maps discovered:
D:1:      minmay_arrival_checkered_box, layout_basic
D:2:      layout_basic, hellmonk_ecumenical_altar_pennies_from_heaven
D:3:      layout_loops_ring, lemuel_coloured_pillars_altar,
          mainiacjoe_overflow_brackets, gup_sewer_entry_pipe

Skill      XL: |  1  2  3  4 |
---------------+-------------+-----
Axes           | 2 |  2.5
Unarmed Combat | 2 3 |  3.8
Fighting       | |  3.0
Armour         | |  2.6
Shields        | |  2.6

Action                     |  1- 3 |  4- 6 || total
---------------------------+-------+-------++-------
  Melee: War axe           |    70 |       ||    70
         Unarmed           |    60 |    57 ||   117
 Armour: Scale mail        |    81 |    26 ||   107
  Dodge: Dodged            |    57 |    13 ||    70
  Block: Buckler           |    30 |    15 ||    45

Table legend: (Time is in decaauts)
 A = Elapsed time spent in this place.
 B = Non-inter-level travel time spent in this place.
 C = Inter-level travel time spent in this place.
 D = Time resting spent in this place.
 E = Time spent auto-exploring this place.
 F = Levels seen in this place.
 G = Mean time per level.
                   A        B        C        D        E       F      G
               +--------+--------+--------+--------+--------+-----+--------+
         Total |   1979 |   1944 |     35 |      0 |   1552 |   3 |  659.7 |
       Dungeon |   1979 |   1944 |     35 |      0 |   1552 |   3 |  659.7 |
               +--------+--------+--------+--------+--------+-----+--------+

Top non-repeatable levels by time:
     D:1: 789 daAuts
     D:3: 615 daAuts
     D:2: 574 daAuts
